 Dungeon Crawl Stone Soup version 0.32-a0-871-ge202e49faa (webtiles) character file.

Game seed: 1942643216085292202

1736 Ruich the Cleaver (level 8, -7/71 HPs)
             Began as a Minotaur Chaos Knight on Mar 29, 2024.
             Was a Plaything of Xom.
             Killed from afar by an electric eel (10 damage)
             ... with a bolt of electricity
             ... on level 7 of the Dungeon.
             The game lasted 00:11:41 (5317 turns).

Ruich the Cleaver (Minotaur Chaos Knight)           Turns: 5317, Time: 00:11:43

Health: -7/71      AC: 10    Str: 18    XL:     8   Next: 76%
Magic:  7/7        EV:  8    Int:  9    God:    Xom [.*....]
Gold:   442        SH:  5    Dex: 11    Spells: 7/7 levels left

rFire   + . .        C - +1 hand axe (venom)
rCold   . . .        l - +1 buckler
rNeg    + . .        E - +0 chain mail
rPois   .            (helmet restricted)
rElec   .            (no cloak)
rCorr   .            (no gloves)
SInv    .            (no boots)
Will    .....        o - amulet of regeneration Stlth
                     s - ring of protection from fire
HPRegen 1.11/turn    i - ring of positive energy
MPRegen 0.10/turn

%: no passive effects
@: no status effects
A: horns 2, retaliatory headbutt, sense surroundings 1
a: Renounce Religion


You were on level 7 of the Dungeon.
You worshipped Xom.
You were a plaything of Xom.
You visited 1 branch of the dungeon, and saw 7 of its levels.

You collected 442 gold pieces.


Innate Abilities, Weirdness & Mutations

You have a pair of horns on your head.
You reflexively headbutt those who attack you in melee.
You passively map a small area around you.


   Skills:
 + Level 6.8 Fighting
 * Level 8.8 Axes
 + Level 6.1 Armour
 + Level 5.4 Dodging
 - Level 4.0 Shields


You had 7 spell levels left.
You didn't know any spells.
Your spell library contained the following spells:

 Spells                   Type           Power      Damage    Failure   Level
 Shock                    Conj/Air       0%         1d3       99%         1
 Slow                     Hex            0%         N/A       99%         1
 Ensorcelled Hibernation  Hex/Ice        0%         N/A       99%         2
 Call Canine Familiar     Summ           0%         N/A       100%        3
 Confusing Touch          Hex            0%         N/A       100%        3
 Dazzling Flash           Conj/Hex       0%         N/A       100%        3
 Fugue of the Fallen      Necr           0%         N/A       100%        3
 Mephitic Cloud           Conj/Alch/Air  0%         N/A       100%        3
 Sigil of Binding         Hex            0%         N/A       100%        3
 Swiftness                Air            0%         N/A       100%        3
 Vampiric Draining        Necr           0%         2d6       100%        3
 Airstrike                Air            0%         2d(0-16)  100%        4
 Anguish                  Hex/Necr       0%         N/A       100%        4
 Dimensional Bullseye     Hex/Tloc       0%         N/A       100%        4
 Summon Blazeheart Golem  Fire/Summ      0%         N/A       100%        4
 Curse of Agony           Necr           0%         N/A       100%        5
 Silence                  Hex/Air        0%         N/A       100%        5
 Orb of Destruction       Conj           0%         9d5       100%        7
 Spellforged Servitor     Conj/Summ      0%         N/A       100%        7

Inventory:

Hand Weapons
 C - a +1 hand axe of venom (weapon)
 D - a +0 war axe
Missiles
 b - 2 throwing nets {=f}
 w - 7 poisoned darts
 B - 7 boomerangs (quivered)
Armour
 l - a +1 buckler (worn)
 E - a +0 chain mail (worn)
Jewellery
 i - a ring of positive energy (right hand)
 o - an amulet of regeneration (around neck)
 s - a ring of protection from fire (left hand)
 t - a +6 ring of intelligence
 y - a ring of protection from fire
 G - a ring of fire
Wands
 A - a wand of warping (8)
Scrolls
 a - a scroll of vulnerability
 d - 2 scrolls of noise
 u - 2 scrolls of teleportation {@r2}
 z - a scroll of brand weapon
Potions
 e - 4 potions of brilliance
 f - a potion of heal wounds {unknown}
 h - a potion of ambrosia {unknown}
 j - a potion of might {unknown}
 k - 2 potions of enlightenment {unknown}
 m - a potion of lignification {unknown}
 p - 3 potions of curing {unknown}
 q - a potion of cancellation {unknown}
 r - a potion of invisibility {unknown}
 v - a potion of berserk rage {unknown}
 x - a potion of degeneration {unknown}
Miscellaneous
 n - a box of beasts

Dungeon Overview and Level Annotations

Branches:
Dungeon (7/15) Zot: 26794  Temple (0/1) D:5

Altars:
Gozag
Hepliaklqana
Nemelex Xobeh
Qazlal

, , , * ##+##**
##+## ,
#....,,,....# .
#.... , ....*.., ,
, #..# b.##~~. ,
**#..####.bb~bwS ,
, , #...bbbbb≈~~≈≈
,, #.<.bbbbbbb≈≈~
####+#@~≈S≈≈~~ ~ ~
, ,
,,..bb.bbb≈b≈#≈~≈~~
~ ,...b.b#bbbb≈# ~
, , ..b..bb≈≈⌠.b~$.
~ ...w.,.Sb%..b$< ,
, ,....b.b#b≈.~~..
* #+## #~ #~~S≈≈~
.. ≈≈≈≈≈~ ,,
.~≈≈≈≈≈~~≈ ,


You could see 4 electric eels and 2 dart slugs.


Message History

You hit the electric eel.
The electric eel is poisoned.
Your headbutt misses the electric eel.
The electric eel is moderately wounded.
You hit the electric eel.
The electric eel is poisoned.
Unknown command.
You barely miss the electric eel.
The electric eel is heavily wounded.
You completely miss the electric eel.
The electric eel shoots out a bolt of lightning at you!
* * * LOW HITPOINT WARNING * * *
x2 Xom thinks this is hilarious!
The electric eel completely resists.
The electric eel shoots out a bolt of lightning at you!
* * * LOW HITPOINT WARNING * * *
x2 Unknown command.
Unknown command.
As you read the scroll of butterflies, it crumbles to dust.
You hear the flapping of tiny wings.
The dart slug is knocked back by the sudden gust.
The electric eel is knocked back by the sudden gust. x2
The dart slug misses your butterfly.
An electric eel comes into view.
The electric eel shoots out a bolt of lightning at you!
Your butterfly dies!
Your butterfly disappears in a burst of colours!
The bolt of electricity misses your butterfly.
Your butterfly dies!
Your butterfly disappears in a burst of colours!
You die...
Xom roars with laughter!

Skill      XL: |  1  2  3  4  5  6  7  8 |
---------------+-------------------------+-----
Axes           | 4 5 6 7 8 |  8.8
Fighting       | 4 5 6 |  6.8
Armour         | 3 4 5 6 |  6.1
Dodging        | 2 3 4 5 |  5.4
Shields        | 1 2 3 4 |  4.0

Action                     |  1- 3 |  4- 6 |  7- 9 || total
---------------------------+-------+-------+-------++-------
  Melee: Hand axe          |    78 |   110 |   130 ||   318
         Headbutt          |    12 |    18 |    30 ||    60
  Throw: Dart              |       |       |     1 ||     1
  Evoke: Box of beasts     |       |       |     1 ||     1
    Use: Scroll            |       |     3 |     7 ||    10
   Stab: Confused          |       |     1 |       ||     1
         Sleeping          |       |       |     1 ||     1
 Armour: Leather armour    |    17 |       |       ||    17
         Scale mail        |    29 |    72 |    80 ||   181
         Chain mail        |       |       |    27 ||    27
  Dodge: Dodged            |    32 |    33 |    49 ||   114
  Block: Buckler           |       |    20 |    34 ||    54

Levels and vault maps discovered:
D:1:      giann_horns, layout_loops_ring
D:2:      layout_basic, minmay_octomino_e4, uniq_jessica
D:3:      layout_rooms, chequers_ecumenical_altar_simple
D:4:      layout_basic, lemuel_crystal_altar, kennysheep_generic_room_13,
          uniq_menkaure
D:5:      layout_layer_cave, nicolae_hepliaklqana_hazy_memory,
          grunt_nemelex_the_gamble, minmay_temple_entry_grid,
          kennysheep_windowed_goal, uniq_pikel
D:6:      layout_cave_pods, nicolae_overflow_crystal_walls
D:7:      kennysheep_slugbush, layout_gridville,
          mainiacjoe_overflow_small_starburst, hangedman_decor_riveting

Notes
Turn   | Place    | Note
-------+----------+-------------------------------------------
     0 | D:1      | Ruich the Minotaur Chaos Knight began the quest for the
                  | Orb.
     0 | D:1      | Reached XP level 1. HP: 19/19 MP: 0/0
    38 | D:1      | XOM: silly message
   247 | D:1      | Reached XP level 2. HP: 23/27 MP: 1/1
   252 | D:1      | Reached skill level 4 in Axes
   367 | D:1      | XOM: divination: detect creatures
   780 | D:2      | Reached skill level 4 in Fighting
   798 | D:2      | Reached XP level 3. HP: 31/32 MP: 2/2
   836 | D:2      | XOM: 5-stop teleportation journey
   839 | D:2      | Reached skill level 3 in Armour
   887 | D:2      | You fall into a shaft and drop 1 floor!
   887 | D:3      | Found a faded altar of an unknown god.
   899 | D:2      | Reached skill level 2 in Dodging
   968 | D:2      | XOM: stat loss: -1 Dex (10/11)
   990 | D:2      | Noticed Jessica
   997 | D:2      | XOM: chaos upgrade
  1003 | D:2      | Killed Jessica
  1004 | D:2      | Reached XP level 4. HP: 14/40 MP: 3/3
  1044 | D:2      | XOM: 1-stop teleportation journey
  1221 | D:2      | XOM: god gift: box of beasts
  1776 | D:3      | Reached skill level 5 in Axes
  1816 | D:3      | Reached XP level 5. HP: 39/47 MP: 4/4
  2092 | D:4      | Reached skill level 1 in Shields
  2359 | D:4      | XOM: enchant monster (good)
  2505 | D:4      | Reached skill level 3 in Dodging
  2505 | D:4      | Reached XP level 6. HP: 54/55 MP: 5/5
  2560 | D:4      | Reached skill level 4 in Armour
  2560 | D:4      | Reached skill level 2 in Shields
  2589 | D:4      | Reached skill level 5 in Fighting
  2657 | D:4      | Reached skill level 6 in Axes
  2716 | D:4      | Noticed Menkaure
  2717 | D:4      | XOM: confusion (+ monsters)
  2721 | D:4      | XOM: 1-stop teleportation journey
  2802 | D:4      | Found a stormy altar of Qazlal.
  3096 | D:4      | Reached XP level 7. HP: 61/61 MP: 6/6
  3129 | D:4      | Killed Menkaure
  3174 | D:4      | Reached skill level 3 in Shields
  3370 | D:4      | XOM: stat loss: -1 Int (8/9)
  3557 | D:5      | Entered Level 5 of the Dungeon
  3561 | D:5      | Reached skill level 7 in Axes
  3628 | D:5      | XOM: polymorph centaur -> frilled lizard
  3652 | D:5      | Found a hazy altar of Hepliaklqana.
  3729 | D:5      | Found a sparkling altar of Nemelex Xobeh.
  3729 | D:5      | Found a transporter.
  3731 | D:5      | Noticed a troll
  3741 | D:5      | Identified the +2 ring mail of Birdsong {Harm}
  3847 | D:5      | Reached skill level 5 in Armour
  3847 | D:5      | Reached skill level 4 in Dodging
  3866 | D:5      | XOM: summons 1 hostile demon
  3935 | D:5      | HP: 2/62 [iguana (9)]
  3992 | D:4      | Reached XP level 8. HP: 70/70 MP: 7/7
  3999 | D:4      | XOM: give mutation
  3999 | D:4      | Gained mutation: You passively map a small area around you.
                  | [Xom's grace]
  4007 | D:5      | Reached skill level 6 in Fighting
  4153 | D:5      | Noticed Pikel
  4170 | D:5      | Killed Pikel
  4171 | D:5      | Reached skill level 8 in Axes
  4171 | D:5      | Reached skill level 5 in Dodging
  4171 | D:5      | Reached skill level 4 in Shields
  4247 | D:5      | Found a staircase to the Ecumenical Temple.
  4414 | D:6      | XOM: 7-stop teleportation journey
  4464 | D:6      | Found an opulent altar of Gozag.
  4464 | D:6      | XOM: 1-stop teleportation journey
  4502 | D:6      | XOM: cast spell 'Leda's Liquefaction'
  4503 | D:6      | XOM: confusion (+ monsters)
  4520 | D:6      | an adder changed into a glowing shapeshifter
  4520 | D:6      | Noticed a glowing shapeshifter (glowing shapeshifter)
  4520 | D:6      | XOM: polymorph adder -> glowing shapeshifter
  4520 | D:6      | a glowing shapeshifter changed into a goblin
  4630 | D:6      | XOM: noise
  4701 | D:6      | Reached skill level 6 in Armour
  5316 | D:7      | HP: 2/71 [electric eel/bolt of electricity (13)]
  5317 | D:7      | Killed from afar by an electric eel

Vanquished Creatures
  Pikel (D:5)
  Menkaure (D:4)
  An ogre (D:4)
  A lemure (D:5)
  A phantom (D:4)
  2 scorpions (D:4)
  3 howler monkeys
  2 bombardier beetles
  3 jellies
  6 orc priests
  A hound (D:4)
  Jessica (D:2)
  2 iguanas
  4 orc wizards
  4 gnolls (D:5)
  7 adders
  2 white imps (D:6)
  2 ufetubi (D:5)
  2 dart slugs
  4 ribbon worms
  15 orcs
  8 ball pythons
  4 bats (D:2)
  An endoplasm (shapeshifter) (D:6)
  7 endoplasms
  3 giant cockroaches
  4 goblins
  3 hobgoblins
  8 kobolds
  A quokka (D:2)
  5 frilled lizards
  3 rats (D:1)
112 creatures vanquished.

Vanquished Creatures (collateral kills)
  An orc (D:3)
1 creature vanquished.

Vanquished Creatures (others)
  A dart slug (D:7)
1 creature vanquished.

Grand Total: 114 creatures vanquished

Table legend: (Time is in decaauts)
 A = Elapsed time spent in this place.
 B = Non-inter-level travel time spent in this place.
 C = Inter-level travel time spent in this place.
 D = Time resting spent in this place.
 E = Time spent auto-exploring this place.
 F = Levels seen in this place.
 G = Mean time per level.
                   A        B        C        D        E       F      G
               +--------+--------+--------+--------+--------+-----+--------+
         Total |   5331 |   5001 |    330 |    826 |   3121 |   7 |  761.6 |
       Dungeon |   5331 |   5001 |    330 |    826 |   3121 |   7 |  761.6 |
               +--------+--------+--------+--------+--------+-----+--------+

Top non-repeatable levels by time:
     D:4: 1557 daAuts
     D:6: 940 daAuts
     D:2: 827 daAuts
     D:5: 750 daAuts
     D:1: 692 daAuts
     D:3: 543 daAuts
     D:7: 19 daAuts

Table legend:
 A = Non-vault XP
 B = Vault XP
 C = Vault XP percentage of total XP
 D = Non-vault monster count
 E = Vault monster count
 F = Vault count percentage of total count
                 A         B        C        D         E       F
            +---------+---------+-------+---------+---------+-------
      Total |    1540 |     940 |  37.9 |     102 |       9 |   8.1
            +---------+---------+-------+---------+---------+-------
        D:1 |      28 |       0 |   0.0 |      16 |       0 |   0.0
        D:2 |      68 |      45 |  39.8 |      18 |       4 |  18.2
        D:3 |      81 |       0 |   0.0 |      13 |       0 |   0.0
        D:4 |     710 |     214 |  23.2 |      21 |       2 |   8.7
        D:5 |     393 |     677 |  63.3 |      22 |       2 |   8.3
        D:6 |     260 |       0 |   0.0 |      12 |       0 |   0.0
        D:7 |       0 |       4 | 100.0 |       0 |       1 | 100.0
            +---------+---------+-------+---------+---------+-------
